 Dungeon Crawl Stone Soup version 0.27-a0-1278-g6cbc8dfb29 (webtiles) character file.

Game seed: 7419531048100143063

43 pokeman the Magician (level 3, -3/20 HPs)
             Began as a Deep Elf Hedge Wizard on June 12, 2021.
             Slain by Terence (12 damage)
             ... on level 2 of the Dungeon.
             The game lasted 00:02:04 (1454 turns).

pokeman the Magician (Deep Elf Hedge Wizard)        Turns: 1454, Time: 00:02:05

Health: -3/20      AC:  3    Str:  7    XL:     3   Next: 37%
Magic:  2/11       EV: 12    Int: 19    God:
Gold:   66         SH:  0    Dex: 14    Spells: 1/12 levels left

rFire    . . .     SeeInvis .   a - +0 dagger
rCold    . . .     Faith    .   (no shield)
rNeg     . . .     Spirit   .   b - +0 robe
rPois    .         Reflect  .   c - +0 hat
rElec    .         Harm     .   e - scarf {+Inv}
rCorr    .         Rampage  .   g - +0 pair of gloves
Will     .....                  (no boots)
Stlth    ++........             (no amulet)
HPRegen  0.06/turn              (no ring)
MPRegen  0.12/turn              (no ring)

@: very slightly contaminated
A: no striking features
a: Evoke Invisibility


You were on level 2 of the Dungeon.
You visited 1 branch of the dungeon, and saw 2 of its levels.

You collected 66 gold pieces.

Inventory:

Hand Weapons
 a - a +0 dagger (weapon)
Armour
 b - a +0 robe (worn)
 c - a +0 hat (worn)
 e - a scarf of invisibility (worn)
 g - a +0 pair of gloves (worn)
Scrolls
 d - a scroll of blinking {unknown}
 f - 2 scrolls of identify {unknown}
Potions
 h - a potion of curing {unknown}


   Skills:
 + Level 0.9 Fighting
 + Level 0.9 Armour
 - Level 2.4 Dodging
 - Level 2.4 Stealth
 * Level 5.2 Spellcasting
 + Level 1.8 Conjurations
 - Level 1.1 Summonings
 - Level 1.1 Translocations


You had one spell level left.
You knew the following spells:

 Your Spells              Type           Power      Damage    Failure   Level
a - Magic Dart            Conj           44%        1d5       6%          1
b - Mephitic Cloud        Conj/Pois/Air  7%         N/A       28%         3
c - Call Imp              Summ           9%         N/A       12%         2
d - Blink                 Tloc           N/A        N/A       12%         2
e - Conjure Flame         Conj/Fire      8%         6-21      26%         3

Your spell library contained the following spells:

 Spells                   Type           Power      Damage    Failure   Level
 Slow                     Hex            4%         N/A       19%         2


Dungeon Overview and Level Annotations

Branches:
Dungeon (2/15)

Altars:
Beogh

Annotations:
D:2 Terence


Message History

You see here 7 stones.
Terence hits the quokka with a +0 flail.
The kobold hits you but does no damage.
There is a stone staircase leading up here.
You hit the kobold.
The kobold is severely wounded.
The kobold misses you.
Casting: Conjure Flame (extremely dangerous; 26% risk of failure)
Confirm with . or Enter, or press ? or * to list all spells.
Okay, then.
Unknown command.
You closely miss the kobold.
The kobold is severely wounded.
Terence misses you. The kobold closely misses you.
You hit the kobold.
You kill the kobold!
You closely miss the quokka.
The quokka is almost dead.
Terence closely misses you. The quokka closely misses you.
You hit the quokka.
You kill the quokka!
Terence barely misses you.
Terence seems less confused.
Terence completely misses you.
You see here 7 stones.
Terence barely misses you.
You see here 7 stones.
Casting: Conjure Flame (extremely dangerous; 26% risk of failure)
Confirm with . or Enter, or press ? or * to list all spells.
You miscast Call Imp.
You are very lightly contaminated with residual magic.
Nothing appears to happen.
Terence says, "Did you write a will?
You should..."
Terence hits you with a +0 flail!
Ouch! That really hurt!
Casting: Call Imp (safe; 12% risk of failure)
Confirm with . or Enter, or press ? or * to list all spells.
A beastly little devil appears in a puff of frigid air.
Terence hits you with a +0 flail!
Ouch! That really hurt!
You die...

####....# ##########
#.......# .........#
#.......# .........#
###^....@.#
.........###.#...#
.........##.†+...+
.........+...#...#
.........##..#.#5# #
####.....).....#@#
.##.
#...........#@###.(...
#..........##()....#
##########....<....#
#.#.......#
#.........#
####......# #......#
#####+#..


You could see Terence (ally target) and a friendly white imp (summoned).

Vanquished Creatures
  A gnoll (D:1)
  3 dart slugs (D:1)
  A bat (D:1)
  2 endoplasms (D:1)
  3 giant cockroaches (D:1)
  4 goblins (D:1)
  2 jackals (D:1)
  5 kobolds
  A quokka (D:2)
  A frilled lizard (D:2)
  2 rats (D:1)
25 creatures vanquished.

Notes
Turn   | Place    | Note
-------+----------+-------------------------------------------
     0 | D:1      | pokeman the Deep Elf Hedge Wizard began the quest for the
                  | Orb.
     0 | D:1      | Reached XP level 1. HP: 10/10 MP: 7/7
   362 | D:1      | Reached XP level 2. HP: 16/16 MP: 1/9
   555 | D:1      | Found a faded altar of an unknown god.
   589 | D:1      | Reached skill level 5 in Spellcasting
   827 | D:1      | Reached XP level 3. HP: 20/20 MP: 6/11
   831 | D:1      | Learned a level 3 spell: Mephitic Cloud
   834 | D:1      | Learned a level 2 spell: Call Imp
   837 | D:1      | Learned a level 2 spell: Blink
   841 | D:1      | Learned a level 3 spell: Conjure Flame
  1414 | D:2      | Noticed Terence
  1454 | D:2      | Slain by Terence

Illustrated notes

Levels and vault maps discovered:
D:1:      minmay_arrival_semitransparent, layout_basic,
          hellmonk_ecumenical_altar_defaced_shrine
D:2:      layout_basic, uniq_terence

Skill      XL: |  1  2 |
---------------+-------+-----
Spellcasting   | 5 |  5.2
Fighting       | |  0.9
Armour         | |  0.9
Dodging        | |  2.4
Stealth        | |  2.4
Conjurations   | |  1.8
Summonings     | |  1.1
Translocations | |  1.1

Action                   || total
-------------------------++-------
Melee: Dagger            ||    14
 Cast: Magic Dart        ||    68
       Conjure Flame     ||     1
       Mephitic Cloud    ||     1
       Call Imp          ||     1
 Stab: Sleeping          ||     2
       Confused          ||     1
Armor: Robe              ||     2
Dodge: Dodged            ||    22

Table legend: (Time is in decaauts)
 A = Elapsed time spent in this place.
 B = Non-inter-level travel time spent in this place.
 C = Inter-level travel time spent in this place.
 D = Time resting spent in this place.
 E = Time spent auto-exploring this place.
 F = Levels seen in this place.
 G = Mean time per level.
                   A        B        C        D        E       F      G
               +--------+--------+--------+--------+--------+-----+--------+
         Total |   1453 |   1409 |     44 |     14 |   1205 |   2 |  726.5 |
       Dungeon |   1453 |   1409 |     44 |     14 |   1205 |   2 |  726.5 |
               +--------+--------+--------+--------+--------+-----+--------+

Top non-repeatable levels by time:
     D:1: 1344 daAuts
     D:2: 109 daAuts
